 Dungeon Crawl Stone Soup version 0.29.1-2-gbd0b4ee654 (webtiles) character file.

Game seed: 62675904234971905

39 jamesblauser the Trooper (level 3, -1/31 HPs)
             Began as a Draconian Cinder Acolyte on Nov 6, 2022.
             Was a Follower of Ignis.
             Slain by an adder (2 damage)
             ... on level 2 of the Dungeon.
             The game lasted 00:06:06 (1403 turns).

jamesblauser the Trooper (Draconian Cinder Acolyte) Turns: 1403, Time: 00:06:07

Health: -1/31      AC:  5    Str: 16    XL:     3   Next: 26%
Magic:  2/4        EV: 11    Int: 14    God:    Ignis [*.....]
Gold:   80         SH:  0    Dex:  8    Spells: 2/4 levels left

rFire   + . .      SeeInvis .   a - -1 hand axe (flame)
rCold   . . .      Faith    .   (no shield)
rNeg    . . .      Spirit   .   (body armour unavailable)
rPois   .          Reflect  .   (helmet restricted)
rElec   .          Harm     .   (no cloak)
rCorr   .          Rampage  .   (no gloves)
Will    .....                   (no boots)
Stlth   +.........              (no amulet)
HPRegen 0.10/turn               (no ring)
MPRegen 0.09/turn               (no ring)

@: no status effects
A: AC +5, unfitting armour, cold-blooded
a: Renounce Religion, Fiery Armour, Foxfire Swarm, Rising Flame


You were on level 2 of the Dungeon.
You worshipped Ignis.
Ignis was aware of your devotion.
You visited 1 branch of the dungeon, and saw 2 of its levels.

You collected 80 gold pieces.

Inventory:

Hand Weapons
 a - a -1 hand axe of flaming (weapon)
Scrolls
 c - a scroll of magic mapping {unknown}
Potions
 b - a potion of brilliance {unknown}


   Skills:
 + Level 3.6 Fighting
 + Level 3.3 Axes
 + Level 0.3 Dodging
 + Level 1.2 Spellcasting
 + Level 3.5 Fire Magic


You had 2 spell levels left.
You knew the following spells:

 Your Spells              Type           Power      Damage    Failure   Level
a - Scorch                Fire           20%        2d6       9%          2

Your spell library contained the following spells:

 Spells                   Type           Power      Damage    Failure   Level
 Gell's Gravitas          Tloc           0%         N/A       61%         3
 Teleport Other           Tloc           0%         N/A       61%         3
 Dispersal                Tloc           0%         N/A       100%        6


Dungeon Overview and Level Annotations

Branches:
Dungeon (2/15)

Altars:


Innate Abilities, Weirdness & Mutations

Your plain brown scales are hard. (AC +5)
You cannot fit into any form of body armour.
You are cold-blooded and may be slowed by cold attacks.


Message History

You miss the adder.
The adder is heavily wounded.
You feel sick. The adder completely misses you.
You hit the adder. You burn the adder.
The adder is almost dead.
You feel sick.
The adder bites you but does no damage. x2
You completely miss the adder.
The adder is almost dead.
You feel sick. The adder bites you.
You are more poisoned.
The adder poisons you!
You barely miss the adder.
Your tail-slap misses the adder.
The adder is almost dead.
You feel sick. The adder closely misses you. The adder barely misses you.
You closely miss the adder.
Your tail-slap misses the adder.
The adder is almost dead.
You feel sick. The adder bites you.
* * * LOW HITPOINT WARNING * * *
You miss the adder.
The adder is almost dead.
You feel sick. The adder closely misses you.
The adder bites you but does no damage.
You barely miss the adder.
Your tail-slap misses the adder.
The adder is almost dead.
You feel sick. The adder bites you.
* * * LOW HITPOINT WARNING * * *
You hit the adder but do no damage.
The adder is almost dead.
* * * LOW HITPOINT WARNING * * *
You feel sick. The adder barely misses you. The adder closely misses you.
You closely miss the adder.
The adder is almost dead.
* * * LOW HITPOINT WARNING * * *
You feel sick.
You are no longer poisoned.
The adder closely misses you.
You closely miss the adder.
The adder is almost dead.
The adder bites you.
You die...

... .... .... ### #..
#.. #.###.# #.####
#.[.#.# #.#... #...#.##
#######.#.##
#####.S@..###....##.#.#
#...........#....##)#.#
#.........).#....##.#.#
#........<..#....##.#.##
#................##.....
#..........##....##.....
#..........##..####.....
#..........###..# #.....
######.##### ##.# #.....


You could see an adder.

Vanquished Creatures
  A dart slug (D:1)
  3 endoplasms
  2 giant cockroaches (D:1)
  3 goblins (D:1)
  2 hobgoblins (D:1)
  4 jackals (D:1)
  2 quokkas (D:1)
  3 ball pythons (D:1)
  3 bats (D:1)
  4 frilled lizards
  4 kobolds
  4 rats (D:1)
35 creatures vanquished.

Vanquished Creatures (others)
  68 foxfires (D:1)
68 creatures vanquished.

Grand Total: 103 creatures vanquished

Notes
Turn   | Place    | Note
-------+----------+-------------------------------------------
     0 | D:1      | jamesblauser the Draconian Cinder Acolyte began the quest
                  | for the Orb.
     0 | D:1      | Reached XP level 1. HP: 19/19 MP: 2/2
   132 | D:1      | Reached XP level 2. HP: 21/26 MP: 3/3
   832 | D:1      | Reached XP level 3. HP: 30/31 MP: 4/4
  1051 | D:2      | Learned a level 2 spell: Scorch
  1402 | D:2      | HP: 1/31 [poisoned by an adder]
  1403 | D:2      | Slain by an adder

Illustrated notes

Levels and vault maps discovered:
D:1:      nzn_arrival_water_spiral, layout_basic
D:2:      layout_basic, dreamdust_ecumenical_altar_angels_and_demons

Action                   || total
-------------------------++-------
Melee: Hand axe          ||    56
       Tailslap          ||     6
 Cast: Scorch            ||     7
Invok: Foxfire Swarm     ||     6
       Fiery Armour      ||     2
  Use: Scroll            ||     1
       Potion            ||     1
Armor: Skin              ||    27
Dodge: Dodged            ||    37
